cohdb
Replays
Latest Replays
All Replays
Popular Replays
Top Player Replays
Match Explorer
How It Works
Community
CoH3 Stats
Reddit
Sign in to upload your games and track your stats! →
Sign in with Steam
Match 41425929
Unlisted
Match 41425929
Overview
Messages
Build Orders
End
Construct Weapon Support Center
Selects Advanced Infantry Battlegroup
Sniper
Scout Squad
Engineer Squad
Bazooka Squad
Selects Artillery Observers
M1919 Machine Gun Team
Infantry Support Center
M3 Armored Personnel Carrier
Artillery Observer Squad
Improved M9 Bazooka Rockets
Construct Motor Pool
Selects M2A1 105mm Howitzer Emplacement
Engineer Squad
M24 Chaffee Light Tank
Bazooka Squad
Selects Free Fire Drills
Construct Barracks
Selects Convert to Ranger Squad
Riflemen Squad
M1 Anti-tank Gun Team
Convert to Ranger Squad
Selects Designate Assault Position
Selects Ranger Weapon Training
Riflemen Squad
Convert to Ranger Squad
DoubleBarrelShogun
Sarmynation
Xyr0N
Onkel Franz
0
0
Comments
sign in to comment!
No comments posted yet!